Map: Odyssey LE

Players

MaNa - Winner!

  • Race: Protoss Protoss
  • Spawn Location: 11:00

Theo

  • Race: Protoss Protoss
  • Spawn Location: 5:00

Event: WCS Jonkoping 2017

VOD

Have the link to the VOD?

Description

Time

  • Played on: June 17, 2017, 10:36 a.m.
  • Length: 5:22

All games in this series

Show
View Real Time Build Order
Export as new Build Order

MaNa Protoss - Winner!

Build Orders:  

Get SALT Encoding   

  12  0:00  Probe (Chrono Boost)  
  13  0:11  Probe (Chrono Boost)  
  14  0:17  Pylon  
  14  0:22  Probe (Chrono Boost)  
  15  0:35  Probe (Chrono Boost)  
  16  0:36  Gateway  
  16  0:45  Probe (Chrono Boost)  
  16  0:47  Assimilator  
  17  0:56  Probe (Chrono Boost)  
  18  0:58  Assimilator  
  18  1:06  Probe (Chrono Boost)  
  18  1:07  Gateway  
  19  1:17  Probe (Chrono Boost)  
  20  1:24  Cybernetics Core  
  20  1:27  Probe (Chrono Boost)  
  20  1:31  Pylon  
  21  1:38  Probe (Chrono Boost)  
  22  1:48  Probe (Chrono Boost)  
  23  1:59  Probe (Chrono Boost)  
  24  2:03  Stalker (Chrono Boost), Warp Gate (Chrono Boost)  
  24  2:04  Stalker (Chrono Boost)  
  28  2:10  Probe  
  29  2:17  Pylon  
  31  2:33  Stalker (Chrono Boost)  
  31  2:36  Stalker (Chrono Boost), Mothership Core  
  35  2:49  Pylon  
  35  2:59  Stalker (Chrono Boost)  
  35  3:01  Stalker (Chrono Boost)  
  39  3:16  Gateway  
  39  3:30  Stalker  
  39  3:31  Stalker  
  41  3:39  Probe  
  40  3:55  Probe (Chrono Boost), Nexus  
  39  4:12  Stalker  
  39  4:13  Stalker  
  41  4:20  Stalker  
  33  4:52  Stalker x3  
  33  4:54  Probe (Chrono Boost)  
  38  5:05  Probe (Chrono Boost)  
Show
View Real Time Build Order
Export as new Build Order

Theo Protoss 

Build Orders: Oracle Opening 

Get SALT Encoding   

  12  0:00  Probe (Chrono Boost)  
  13  0:11  Probe (Chrono Boost)  
  14  0:18  Pylon  
  14  0:22  Probe (Chrono Boost)  
  15  0:37  Gateway  
  15  0:40  Probe (Chrono Boost)  
  16  0:44  Assimilator  
  16  0:50  Assimilator  
  16  0:51  Probe (Chrono Boost)  
  17  1:01  Probe (Chrono Boost)  
  18  1:12  Probe (Chrono Boost)  
  19  1:23  Probe (Chrono Boost)  
  20  1:26  Cybernetics Core  
  20  1:33  Probe (Chrono Boost)  
  20  1:36  Pylon  
  21  1:44  Probe (Chrono Boost)  
  22  1:54  Probe (Chrono Boost)  
  23  2:02  Stargate  
  23  2:05  Mothership Core (Chrono Boost)  
  23  2:06  Adept (Chrono Boost)  
  27  2:12  Pylon  
  27  2:22  Warp Gate (Chrono Boost)  
  27  2:32  Adept (Chrono Boost)  
  29  2:38  Pylon  
  29  2:46  Oracle (Chrono Boost)  
  32  2:59  Gateway  
  32  3:10  Gateway  
  32  3:14  Stalker  
  32  3:15  Pylon  
  34  3:37  Probe  
  33  3:44  Stalker  
  35  3:49  Probe  
  36  4:01  Probe, Oracle (Chrono Boost)  
  36  4:02  Pylon, Gateway  
  38  4:24  Stalker x3  
  40  4:31  Mothership Core (Chrono Boost)  
  34  4:47  Stalker  
  31  4:58  Stalker  
  28  5:05  Stalker  
Tags
 
Add a new tag
Caveats
  • Supply blocks, unpowered buildings, or Contaminate may cause inaccurate times.
  • Supply counts are checked every 10 seconds.